 Dungeon Crawl Stone Soup version 0.31-a0-221-gbddc013574 (webtiles) character file.

Game seed: 7929636751981325765

93 qw the Chopper (level 4, -3/28 HPs)
             Began as a Gargoyle Fighter on July 4, 2023.
             Slain by a black bear (6 damage)
             ... on level 4 of the Dungeon.
             The game lasted 00:01:07 (2659 turns).

qw the Chopper (Gargoyle Fighter)                   Turns: 2659, Time: 00:01:07

Health: -3/28      AC: 11    Str: 21    XL:     4   Next: 61%
Magic:  4/4        EV:  9    Int:  9    God:
Gold:   146        SH:  4    Dex:  9    Spells: 3/3 levels left

rFire   . . .        Y - +0 war axe
rCold   . . .        c - +0 buckler
rNeg    + . .        b - +0 scale mail
rPois   inf          (no helmet)
rElec   +            h - +0 cloak
rCorr   .            (no gloves)
SInv    .            (no boots)
Will    .....        (no amulet) Stlth
                     (no ring)
HPRegen 0.24/turn    (no ring)
MPRegen 0.09/turn

%: no passive effects
@: no status effects
A: sickness immunity, AC +3, negative energy resistance 1, electricity
resistance, torment resistance 1, petrification resistance, sense surroundings 1
a: no special abilities


You were on level 4 of the Dungeon.
You visited 1 branch of the dungeon, and saw 4 of its levels.

You collected 146 gold pieces.


Innate Abilities, Weirdness & Mutations

You are immune to sickness and miasma.
Your stone body is resilient. (AC +3)
You are immune to poison.
You resist negative energy. (rN+)
You are resistant to electric shocks. (rElec)
You are resistant to unholy torment.
You are immune to petrification.
You passively map a small area around you.


   Skills:
 - Level 3.2 Fighting
 + Level 4.2 Axes
 - Level 3.2 Armour
 - Level 3.2 Shields


You had 3 spell levels left.
You didn't know any spells.
Your spell library was empty.

Inventory:

Hand Weapons
 k - a +0 flail
 Y - a +0 war axe (weapon)
Armour
 b - a +0 scale mail (worn)
 c - a +0 buckler (worn)
 h - a +0 cloak (worn)
Jewellery
 f - an amulet of reflection
Scrolls
 a - 5 scrolls of identify
 g - a scroll of noise {unknown}
 j - a scroll of amnesia {unknown}
Potions
 d - a potion of might
 e - a potion of mutation

Dungeon Overview and Level Annotations

Branches:
Dungeon (4/15)
 Temple: D:4-7

Altars:
Ashenzari
Kikubaaqudgha
Xom
Yredelemnul
The Shining One

Annotations:
D:3 2 transporters, Menkaure


Message History

You kill the endoplasm!
k - a +0 flail A black bear comes into view.
The black bear moves out of view.
Enter note:
Enter note:
2651 ||| DROPPING +0 mace.
You drop a +0 mace.
Found a fuming grey potion.
You slash the black bear!
The black bear is moderately wounded.
The black bear bites you but does no damage.
The black bear barely misses you. x2
You barely miss the black bear.
The black bear is moderately wounded.
The black bear bites you. You block the black bear's attack.
The black bear closely misses you.
You hit the black bear.
The black bear is heavily wounded.
You block the black bear's attack.
The black bear claws you but does no damage. x2
The black bear bites you. The black bear claws you. x2
You slash the black bear!
The black bear is severely wounded.
The black bear closely misses you.
The black bear claws you but does no damage.
The black bear claws you.
You barely miss the black bear.
The black bear is severely wounded.
The black bear goes berserk!
You closely miss the black bear.
The black bear is severely wounded.
The black bear bites you! You block the black bear's attack.
The black bear closely misses you. The black bear bites you.
The black bear claws you but does no damage. x2
The black bear bites you. You block the black bear's attack.
The black bear barely misses you.
You hit the black bear but do no damage.
The black bear is severely wounded.
The black bear bites you.
You die...

,,.............!.
...............
............... *
............... *
,...............
...............
,........h......,
, .......@#######
*
,.......).......
. ..#####.....###
* ....#####.....#
* ,
#...........####
,
######..........
, * , #..#####...
* #..# *#+
,#.....#..# *


You could see a black bear (berserk).

Vanquished Creatures
  2 adders
  A gnoll (D:1)
  3 dart slugs (D:1)
  2 orcs
  4 ball pythons
  5 endoplasms
  3 giant cockroaches
  7 goblins
  2 hobgoblins (D:1)
  5 jackals (D:2)
  5 kobolds
  2 quokkas (D:1)
  3 bats
  3 frilled lizards
  2 rats (D:3)
49 creatures vanquished.

Notes
Turn   | Place    | Note
-------+----------+-------------------------------------------
     0 | D:1      | qw the Gargoyle Fighter began the quest for the Orb.
     0 | D:1      | Reached XP level 1. HP: 14/14 MP: 1/1
     0 | D:1      | 0 ||| qw: Version: 0.3-a-40-ge99b1a8
     0 | D:1      | 0 ||| qw: Game counter: 652
     0 | D:1      | 0 ||| qw: Melee chars always use a shield: true
     0 | D:1      | 0 ||| qw: God list: Okawaru
     0 | D:1      | 0 ||| qw: Allow faded altars: false
     0 | D:1      | 0 ||| qw: Do Orc after clearing Dungeon:15 true
     0 | D:1      | 0 ||| qw: Do second Lair branch before Depths: true
     0 | D:1      | 0 ||| qw: Lair rune preference: random
     0 | D:1      | 0 ||| qw: Goals: Normal, Zot:1-4, Slime:5, God:TSO, Crypt,
                  | Tomb, Abyss, Pan, Hells, Win
     0 | D:1      | 0 ||| PLANNING D:1-11
    66 | D:1      | Reached skill level 2 in Axes
    91 | D:1      | Found a faded altar of an unknown god.
   206 | D:1      | Reached XP level 2. HP: 19/19 MP: 2/2
   336 | D:1      | 336 ||| Stepping ~*~*~tactically~*~*~ (hiding).
   483 | D:1      | 483 ||| Stepping ~*~*~tactically~*~*~ (hiding).
   491 | D:1      | Reached skill level 3 in Axes
   491 | D:1      | Reached XP level 3. HP: 12/23 MP: 3/3
   944 | D:1      | 944 ||| DROPPING +0 club.
   953 | D:1      | 953 ||| Stepping ~*~*~tactically~*~*~ (hiding).
   954 | D:1      | 954 ||| Stepping ~*~*~tactically~*~*~ (hiding).
  1073 | D:1      | 1073 ||| UPGRADING to +0 cloak.
  1078 | D:1      | 1078 ||| DROPPING +3 leather armour.
  1079 | D:1      | 1079 ||| READING 5 scrolls labelled DEUTSOLEWE.
  1080 | D:1      | 1080 ||| READING scroll labelled FUUPOR JUMURI.
  1081 | D:1      | 1081 ||| READING 4 scrolls of identify.
  1081 | D:1      | 1081 ||| IDENTIFYING clear potion
  1082 | D:1      | 1082 ||| DROPPING potion of ambrosia.
  1307 | D:2      | 1307 ||| DROPPING +0 whip.
  1487 | D:2      | 1487 ||| Stepping ~*~*~tactically~*~*~ (hiding).
  1488 | D:2      | 1488 ||| Stepping ~*~*~tactically~*~*~ (hiding).
  1673 | D:2      | Reached XP level 4. HP: 24/28 MP: 4/4
  1909 | D:2      | Reached skill level 4 in Axes
  1996 | D:2      | 1996 ||| DROPPING scarf of invisibility.
  1997 | D:2      | 1997 ||| READING scroll labelled NOCA GUOSOA.
  2002 | D:2      | 2002 ||| DRINKING 2 fuming golden potions.
  2002 | D:2      | Gained mutation: You passively map a small area around you.
                  | [potion of mutation]
  2031 | D:3      | Found a shimmering altar of Xom.
  2093 | D:3      | 2093 ||| Stepping ~*~*~tactically~*~*~ (stealth).
  2100 | D:3      | Found a transporter.
  2101 | D:3      | Noticed a necrophage
  2125 | D:3      | Found a basalt altar of Yredelemnul.
  2127 | D:3      | Noticed Menkaure
  2129 | D:3      | Found an ancient bone altar of Kikubaaqudgha.
  2149 | D:3      | Found a transporter.
  2211 | D:3      | 2211 ||| Stepping ~*~*~tactically~*~*~ (stealth).
  2213 | D:3      | 2213 ||| Stepping ~*~*~tactically~*~*~ (stealth).
  2214 | D:3      | 2214 ||| Stepping ~*~*~tactically~*~*~ (stealth).
  2215 | D:3      | 2215 ||| Stepping ~*~*~tactically~*~*~ (stealth).
  2233 | D:3      | Found a broken altar of Ashenzari.
  2440 | D:3      | 2440 ||| READING scroll labelled OTHIEM TOICEP.
  2529 | D:4      | Found a glowing golden altar of the Shining One.
  2650 | D:4      | Noticed a black bear
  2651 | D:4      | 2651 ||| DROPPING +0 mace.
  2658 | D:4      | HP: 7/28 [black bear (9)]
  2658 | D:4      | HP: 2/28 [black bear (4)]
  2659 | D:4      | Slain by a black bear

Levels and vault maps discovered:
D:1:      spicycebolla_arrival_xxxplode, layout_basic, serial_bayou,
          serial_bayou_lake_a, serial_bayou_pond_a, serial_bayou_lagoon_a,
          serial_bayou_crossing, serial_bayou_pond_e, serial_bayou_pond_b,
          ebering_ecumenical_altar_mist, minmay_pentomino_v4
D:2:      layout_loops_ring
D:3:      layout_basic, ashenzari_altar_1, mainiacjoe_overflow_tiny_flanked,
          gammafunk_temple_of_torment
D:4:      layout_basic, nicolae_hepliaklqana_ecumenical_no_more,
          mainiacjoe_overflow_six_doors_small, goddamned_bats

Skill      XL: |  1  2  3  4 |
---------------+-------------+-----
Axes           | 2 3 4 |  4.2
Fighting       | |  3.2
Armour         | |  3.2
Shields        | |  3.2

Action                     |  1- 3 |  4- 6 || total
---------------------------+-------+-------++-------
  Melee: War axe           |   102 |    45 ||   147
    Use: Scroll            |     3 |     2 ||     5
         Potion            |       |     1 ||     1
 Armour: Scale mail        |    46 |    15 ||    61
  Dodge: Dodged            |    36 |    19 ||    55
  Block: Buckler           |    19 |     9 ||    28

Table legend:
 A = Non-vault XP
 B = Vault XP
 C = Vault XP percentage of total XP
 D = Non-vault monster count
 E = Vault monster count
 F = Vault count percentage of total count
                 A         B        C        D         E       F
            +---------+---------+-------+---------+---------+-------
      Total |     110 |      23 |  17.3 |      43 |       6 |  12.2
            +---------+---------+-------+---------+---------+-------
        D:1 |      36 |      23 |  39.0 |      16 |       6 |  27.3
        D:2 |      41 |       0 |   0.0 |      16 |       0 |   0.0
        D:3 |      14 |       0 |   0.0 |       8 |       0 |   0.0
        D:4 |      19 |       0 |   0.0 |       3 |       0 |   0.0
            +---------+---------+-------+---------+---------+-------
